Map: Lerilak Crest

Players

BUZZBOMB

  • Race: Terran Terran
  • League: Silver

ImmortalZodd - Winner!

  • Race: Zerg Zerg
  • League: Silver

VOD

Have the link to the VOD?

Description

Time

  • Played on: Jan. 29, 2016, 10:47 p.m.
  • Length: 22:39
Show
View Real Time Build Order
Export as new Build Order

BUZZBOMB Terran 

Build Orders: MMM Bio 

Get SALT Encoding   

  12  0:01  SCV  
  13  0:44  Command Center  
  13  0:57  Supply Depot  
  13  1:05  Supply Depot, SCV  
  14  1:18  SCV  
  15  1:33  Barracks  
  15  1:43  Barracks  
  15  1:51  Supply Depot, SCV  
  16  1:59  SCV  
  17  2:04  SCV  
  18  2:11  SCV  
  19  2:27  Marine  
  20  2:45  Marine  
  20  2:47  SCV, Bunker  
  22  2:59  SCV  
  22  3:00  Barracks  
  21  3:06  Marine  
  21  3:07  Supply Depot, Marine  
  21  3:11  SCV  
  24  3:16  SCV, Refinery  
  25  3:24  SCV, Marine x2  
  28  3:35  Supply Depot  
  28  3:36  SCV  
  29  3:58  Barracks  
  29  4:02  Marine  
  30  4:05  SCV  
  31  4:12  SCV  
  32  4:18  SCV, Refinery  
  32  4:19  Marine  
  34  4:24  SCV, Engineering Bay  
  34  4:29  Marine x2  
  34  4:30  SCV  
  38  4:36  SCV  
  38  4:37  Marine  
  40  4:47  Marine  
  40  4:48  Supply Depot  
  40  4:52  Terran Infantry Weapons Level 1  
  42  4:55  Marine  
  42  5:05  Supply Depot, Barracks Tech Lab  
  42  5:08  Marine  
  42  5:09  Marine  
  44  5:15  Bunker  
  44  5:17  SCV  
  45  5:23  Missile Turret  
  45  5:25  Missile Turret  
  45  5:27  Missile Turret, Marauder  
  45  5:28  Missile Turret  
  47  5:29  SCV  
  47  5:31  Marine  
  49  5:37  Stimpack  
  49  5:43  SCV  
  49  5:44  SCV  
  51  5:53  Marine, Marauder  
  51  5:54  Marine  
  51  5:55  SCV  
  51  5:56  SCV  
  51  5:57  Marine  
  58  6:09  Planetary Fortress  
  58  6:10  Bunker  
  58  6:12  Marine  
  59  6:23  Barracks Tech Lab, Orbital Command  
  59  6:33  Factory  
  59  6:41  Marine x2  
  59  6:45  Marauder  
  59  6:46  Command Center  
  63  6:50  Marine  
  63  6:52  SCV  
  65  6:55  SCV  
  65  7:00  Marauder  
  65  7:01  Refinery  
  68  7:10  Terran Infantry Armor Level 1  
  68  7:19  Missile Turret  
  68  7:30  Refinery  
  68  7:38  Marauder  
  68  7:39  Marine, Marauder  
  68  7:40  SCV  
  68  7:41  SCV  
  68  7:43  Marine  
  76  7:45  Widow Mine  
  78  7:56  Bunker  
  78  7:58  SCV, Marine  
  80  7:59  Planetary Fortress, Marine  
  80  8:00  Marine, Marauder  
  84  8:06  Supply Depot  
  84  8:08  SCV  
  84  8:10  SCV  
  86  8:14  Widow Mine  
  88  8:20  SCV  
  88  8:22  SCV  
  88  8:24  Starport  
  88  8:26  Starport  
  90  8:29  Supply Depot  
  90  8:32  Armory  
  90  8:34  Refinery  
  90  8:40  SCV  
  91  8:47  Widow Mine  
  93  8:53  SCV  
  94  8:56  Marauder, Marine  
  94  8:57  Marine  
  94  8:59  Combat Shields  
  98  9:04  Building Armor  
  98  9:11  SCV, Refinery  
  98  9:14  Marine x2  
  98  9:15  Widow Mine  
  103  9:21  Supply Depot  
  103  9:24  SCV  
  104  9:26  Supply Depot  
  104  9:27  Supply Depot  
  104  9:30  SCV  
  105  9:39  Supply Depot  
  105  9:40  Medivac  
  105  9:41  Viking  
  105  9:43  SCV  
  110  9:46  Supply Depot  
  110  9:50  Marauder x2, Marine x2  
  110  9:52  Concussive Shells  
  116  10:01  Terran Vehicle And Ship Armor Level 1  
  116  10:03  SCV  
  117  10:10  Medivac  
  119  10:14  Marauder, Marine x2  
  119  10:15  SCV, Marauder  
  126  10:26  Factory Tech Lab  
  122  10:32  Marine  
  118  10:35  Marine x2  
  106  10:51  Marine  
  106  10:52  Factory  
  106  10:54  Marauder x2  
  111  10:59  Factory  
  111  11:03  Barracks  
  111  11:06  Medivac x2  
  111  11:09  Marine  
  116  11:14  Marine  
  116  11:15  Marine  
  118  11:21  Siege Tank, Starport  
  121  11:27  Marine  
  118  11:33  Marauder x2  
  118  11:36  Medivac x2  
  121  11:45  Marine  
  91  11:53  Siege Tank  
  91  11:54  Marauder, Marine  
  94  11:55  Terran Vehicle Weapons Level 1  
  97  12:02  Medivac  
  97  12:03  Marine  
  97  12:06  Medivac  
  97  12:07  Factory Tech Lab  
  102  12:12  Factory Tech Lab, Marauder  
  102  12:14  Barracks Reactor  
  104  12:16  Marauder  
  104  12:19  SCV  
  104  12:20  Marine  
  108  12:25  Siege Tank  
  108  12:29  Medivac  
  113  12:31  SCV  
  113  12:33  Siege Tank  
  117  12:39  SCV  
  118  12:46  Marauder x2  
  118  12:51  SCV  
  114  13:08  Marauder  
  107  13:14  Marauder, Marine x3  
  112  13:22  Medivac x2  
  112  13:23  Medivac  
  118  13:28  Siege Tank  
  118  13:29  Marauder  
  118  13:32  Marine x3  
  126  13:35  Marine  
  127  13:43  Supply Depot  
  127  13:44  Supply Depot  
  127  13:50  Marine x4  
  125  14:18  Marauder, Marine x4  
  107  14:36  Marine x4  
  95  14:40  Marauder  
  97  14:53  Marine  
  97  14:54  Marauder, Marine  
  100  15:02  Thor  
  100  15:04  Command Center, Marine  
  58  16:26  Marine x2  
  58  16:27  Marine  
  49  16:44  Marine x3  
  11  17:55  Orbital Command  
  9  18:25  SCV  
  2  18:53  SCV  
  3  18:56  Hellion  
  5  19:04  Supply Depot  
  5  19:05  SCV  
  6  19:14  Supply Depot  
  6  19:17  Hellion  
  8  19:32  Marine  
  8  19:38  Widow Mine  
  9  19:41  Barracks  
  11  19:50  Marine  
  7  20:21  Barracks  
  7  20:34  Marine  
  8  20:48  SCV  
  4  21:00  SCV  
  4  21:02  Marine  
  6  21:10  Marine  
  7  21:12  SCV  
  8  21:22  Marine  
  9  21:28  Engineering Bay  
  9  21:32  Barracks Tech Lab  
  9  21:43  Marine  
  9  21:46  SCV  
  11  22:01  Marauder  
  13  22:10  Marine  
  13  22:14  SCV  
Show
View Real Time Build Order
Export as new Build Order

ImmortalZodd Zerg - Winner!

Build Orders: Hatch First 

Get SALT Encoding   

  12  0:02  Drone  
  13  0:11  Drone  
  14  0:15  Extractor  
  14  0:17  Drone  
  15  0:26  Overlord  
  15  0:52  Drone  
  15  0:53  Hatchery  
  15  0:58  Drone  
  15  1:01  Extractor  
  15  1:02  Drone  
  16  1:07  Drone  
  17  1:15  Drone  
  18  1:24  Drone  
  19  1:33  Spawning Pool  
  19  1:35  Drone  
  19  1:46  Overlord  
  19  1:56  Drone  
  20  2:07  Drone x2  
  22  2:30  Drone x2  
  22  2:31  Drone x2  
  22  2:34  Queen  
  22  2:35  Queen  
  22  2:36  Metabolic Boost  
  30  2:38  Drone  
  30  2:40  Drone  
  32  2:48  Zergling x2  
  32  2:51  Zergling x2  
  33  3:01  Zergling x2  
  33  3:02  Zergling x2  
  35  3:24  Drone  
  35  3:25  Overlord x3  
  36  3:44  Drone x7  
  36  3:45  Hatchery  
  42  3:50  Lair  
  42  3:54  Queen  
  44  3:56  Drone x4  
  44  4:01  Extractor  
  44  4:02  Extractor  
  46  4:06  Roach Warren  
  45  4:11  Drone  
  45  4:13  Evolution Chamber  
  45  4:14  Evolution Chamber  
  44  4:25  Drone x2  
  44  4:26  Drone x5  
  51  4:31  Zergling x4  
  53  4:47  Drone x3  
  53  4:51  Roach  
  58  5:01  Roach x3  
  58  5:05  Roach  
  66  5:07  Overlord x5  
  66  5:23  Zerg Missile Weapons Level 1  
  66  5:24  Zerg Ground Armor Level 1  
  66  5:28  Glial Reconstitution  
  66  5:38  Roach x3  
  72  5:46  Drone x2  
  72  5:47  Drone x10  
  84  5:54  Extractor  
  84  5:55  Extractor  
  84  5:56  Extractor  
  81  5:58  Roach  
  81  5:59  Roach x4  
  81  6:03  Drone  
  92  6:15  Roach x6  
  92  6:16  Roach  
  106  6:18  Overlord  
  106  6:25  Spore Crawler  
  106  6:32  Spore Crawler  
  104  6:35  Spore Crawler  
  104  6:36  Roach  
  104  6:37  Roach x2  
  104  6:39  Roach x2  
  113  6:48  Overlord x5  
  113  7:06  Roach x2  
  113  7:07  Roach  
  113  7:08  Roach x5  
  127  7:15  Drone x5  
  133  7:19  Roach  
  136  7:36  Hydralisk Den  
  135  7:41  Roach  
  135  7:42  Roach x7  
  135  7:43  Overlord  
  151  7:44  Overlord  
  151  8:06  Hydralisk  
  151  8:07  Hydralisk x7  
  151  8:10  Overlord  
  167  8:14  Muscular Augments  
  167  8:20  Hydralisk  
  167  8:23  Overseer  
  169  8:31  Hydralisk x2  
  169  8:32  Hydralisk x2  
  177  8:46  Overlord x4  
  177  8:47  Overlord  
  177  9:08  Zerg Ground Armor Level 2, Zerg Missile Weapons Level 2  
  177  9:12  Hydralisk  
  177  9:13  Hydralisk x4, Infestation Pit  
  177  9:14  Hydralisk  
  177  9:16  Hydralisk  
  188  9:22  Hydralisk x2  
  194  9:38  Hydralisk  
  194  9:39  Hydralisk x2  
  200  9:48  Overseer  
  200  9:53  Overseer  
  200  10:18  Hatchery  
  185  10:41  Hydralisk  
  185  10:42  Hydralisk x6  
  196  11:01  Hydralisk  
  198  11:10  Hive  
  198  11:20  Drone  
  179  11:41  Hydralisk x2  
  179  11:42  Hydralisk x11  
  179  11:43  Hydralisk x6  
  188  12:12  Hydralisk x2  
  188  12:13  Hydralisk x3  
  198  12:40  Overseer x2  
  146  13:28  Hydralisk x4  
  146  13:29  Hydralisk x11  
  146  13:30  Hydralisk x4  
  184  13:40  Zerg Ground Armor Level 3, Zerg Missile Weapons Level 3  
  184  13:43  Hydralisk  
  184  13:44  Hydralisk x4  
  153  14:38  Hydralisk x5  
  153  14:39  Hydralisk x7  
  157  15:13  Hydralisk x2  
  157  15:14  Hydralisk x7  
  157  15:33  Hydralisk x5  
  157  15:34  Hydralisk x2  
  113  15:56  Hydralisk  
  113  15:57  Hydralisk x5  
  105  16:11  Hydralisk x4  
  64  16:55  Roach x2  
  64  16:56  Roach x2  
  41  21:31  Ravager x4  
Tags
 
Composition
MMM Bio
Matchup
TvZ
Add a new tag
Caveats
  • Supply blocks, unpowered buildings, or Contaminate may cause inaccurate times.
  • Supply counts are checked every 10 seconds.